 Dungeon Crawl Stone Soup version 0.31-a0-236-g9a0961fb85 (webtiles) character file.

Game seed: 10847836476682850328

3035 Anon1729 the Fighter (level 9, 0/118 (123) HPs)
             Began as a Minotaur Monk on July 10, 2023.
             Slain by a wight
             ... wielding a +1 long sword
              (7 damage)
             ... on level 7 of the Dungeon.
             The game lasted 00:03:58 (5709 turns).

Anon1729 the Fighter (Minotaur Monk)                Turns: 5709, Time: 00:03:59

HP:   0/118 (123)   AC:  5    Str: 16    XL:     9   Next: 56%
MP:   11/11         EV: 16    Int:  7    God:
Gold: 207           SH:  0    Dex: 17    Spells: 8/8 levels left

rFire   . . .        I - +1 rapier (protect)
rCold   . . .        d - orb {light}
rNeg    + + .        b - +0 robe
rPois   .            (helmet restricted)
rElec   .            k - +0 cloak
rCorr   .            E - +0 pair of gloves
SInv    .            (no boots)
Will    .....        (no amulet) Stlth
                     z - ring of positive energy
HPRegen 0.39/turn    B - ring of positive energy
MPRegen 0.12/turn

%: no passive effects
@: berserking, glowing, studying 2 skills, lightly drained, very quick
A: horns 2, retaliatory headbutt
a: no special abilities


You were on level 7 of the Dungeon.
You visited 1 branch of the dungeon, and saw 8 of its levels.
You also visited: Ossuary.

You collected 328 gold pieces.
You spent 121 gold pieces at shops.

Inventory:

Hand Weapons
 a - a +0 short sword
 j - a +2 dagger of draining
 I - a +1 rapier of protection (weapon)
Armour
 b - a +0 robe (worn)
 d - an orb of light (worn)
 k - a +0 cloak (worn)
 l - a +0 buckler
 E - a +0 pair of gloves (worn)
Jewellery
 z - a ring of positive energy (left hand)
 B - a ring of positive energy (right hand)
Wands
 r - a wand of charming (7)
 A - a wand of flame (17)
 K - a wand of roots (1)
Scrolls
 h - 2 scrolls of amnesia
 m - 5 scrolls of teleportation
 p - a scroll of blinking
 q - a scroll of enchant weapon
 s - 2 scrolls of immolation
 u - a scroll of fear {unknown}
 v - 3 scrolls of revelation
 w - a scroll of poison {unknown}
 x - 2 scrolls of enchant armour
 y - a scroll of silence {unknown}
 C - a scroll of fog {unknown}
 D - 3 scrolls of vulnerability
 G - a scroll of brand weapon
Potions
 c - a potion of ambrosia
 e - 3 potions of brilliance {unknown}
 f - 4 potions of degeneration {unknown}
 g - 7 potions of curing {unknown}
 i - 3 potions of magic {unknown}
 n - 4 potions of might
 o - 2 potions of invisibility {unknown}
 t - 8 potions of berserk rage
 F - a potion of enlightenment {unknown}
 H - a potion of resistance
 J - a potion of mutation {unknown}


   Skills:
 + Level 8.5 Fighting
 + Level 6.8 Short Blades
 + Level 6.4 Armour
 + Level 6.9 Dodging
 + Level 4.6 Stealth
 + Level 5.1 Invocations


You had 8 spell levels left.
You didn't know any spells.
Your spell library contained the following spells:

 Spells                   Type           Power      Damage    Failure   Level
 Foxfire                  Conj/Fire      0%         2x1d4     43%         1
 Ensorcelled Hibernation  Hex/Ice        0%         N/A       56%         2
 Lesser Beckoning         Tloc           0%         N/A       56%         2
 Passwall                 Tmut/Erth      0%         N/A       56%         2
 Call Canine Familiar     Summ           0%         N/A       80%         3
 Gell's Gravitas          Tloc           0%         N/A       80%         3
 Portal Projectile        Hex/Tloc       0%         N/A       80%         3
 Swiftness                Air            0%         N/A       80%         3
 Teleport Other           Tloc           0%         N/A       80%         3
 Leda's Liquefaction      Hex/Erth       0%         N/A       99%         4
 Passage of Golubria      Tloc           0%         N/A       99%         4
 Fireball                 Conj/Fire      0%         3d3       100%        5
 Silence                  Hex/Air        0%         N/A       100%        5
 Plasma Beam              Fire/Air       0%         2x1d10    100%        6
 Starburst                Conj/Fire      0%         6d3       100%        6
 Lehudib's Crystal Spear  Conj/Erth      0%         10d2      100%        8


Dungeon Overview and Level Annotations

Branches:
Dungeon (8/15)            Ossuary (visited)
 Temple: D:4-7         Lair: D:8-11

Altars:
Fedhas
Kikubaaqudgha
Ru
Trog
Uskayaw
Yredelemnul
The Shining One

Shops:
D:2 (   D:3 =   D:4 *


Innate Abilities, Weirdness & Mutations

You have a pair of horns on your head.
You reflexively headbutt those who attack you in melee.


Message History

You climb upwards.
The gnoll shouts! x4
Found a scroll of enchant armour.
Found a stone staircase leading down.
There is a stone staircase leading down here.
Found a pair of boots.
A hound comes into view.
Found 9 gold pieces.
The hound barks!
The hound misses you. You furiously retaliate!
You headbutt the hound! You hit the hound.
Your weapon exudes an aura of protection.
The hound is severely wounded.
The hound barely misses you.
You hit the hound.
You kill the hound!
A wight comes into view. It is wielding a +4 flail.
A wight comes into view. It is wielding a +5 short sword.
A wight comes into view. It is wielding a +1 long sword.
A wight comes into view. It is wielding a +0 falchion.
The wight hits you with a +5 short sword!
* * * LOW HITPOINT WARNING * * *
You partially resist.
You feel drained.
The wight hits you with a +1 long sword!
* * * LOW HITPOINT WARNING * * *
You partially resist.
You feel drained. The wight attacks as you move away!
The wight hits you with a +5 short sword.
* * * LOW HITPOINT WARNING * * *
Found a runed orb.
The wight attacks as you move away! The wight misses you.
You furiously retaliate!
You headbutt the wight! The wight attacks as you move away!
The wight hits you with a +1 long sword.
* * * LOW HITPOINT WARNING * * *
You partially resist.
You feel drained.
It was a potion of berserk rage.
A red film seems to cover your vision as you go berserk!
You feel yourself moving faster!
You feel mighty!
The wight hits you with a +1 long sword!
You die...

#.# ... ... #.# #.# #.#
##[# ###.##....# #.....
#####..z@....# ##.....
#.....z#####+# ......
...####.## ####.....
##..# #.##..... #. ##zg.#
+..#..... #..#..g.#
#..g..... ##....gg#
#........
........####+####...#.>..
............g.....[.##?..


You could see 2 wights.

Vanquished Creatures
  5 yaks (D:8)
  2 water moccasins
  2 black bears
  2 ice beasts (D:6)
  An orc warrior (D:8)
  An ogre (D:5)
  3 centaurs
  A phantom (D:4)
  2 bullfrogs (D:8)
  3 scorpions
  5 wights (D:8)
  A howler monkey (D:4)
  4 hounds
  2 jellies
  2 orc wizards (D:8)
  13 mummies (Ossuary)
  4 gnolls (D:3)
  6 adders
  2 shadow imps
  3 ufetubi
  A worm (D:5)
  A dart slug (D:1)
  13 orcs
  3 endoplasms
  A giant cockroach (D:1)
  5 goblins
  4 hobgoblins
  5 jackals
  6 quokkas
  2 ball pythons (D:3)
  3 bats
  5 frilled lizards
  2 goblin skeletons (Ossuary)
  8 kobolds
  A kobold skeleton (Ossuary)
  5 orc skeletons (Ossuary)
  2 rats
  11 rat skeletons (Ossuary)
142 creatures vanquished.

Vanquished Creatures (collateral kills)
  An orc priest (D:8)
  2 orcs (D:8)
3 creatures vanquished.

Grand Total: 145 creatures vanquished

Notes
Turn   | Place    | Note
-------+----------+-------------------------------------------
     0 | D:1      | Anon1729 the Minotaur Monk began the quest for the Orb.
     0 | D:1      | Reached XP level 1. HP: 19/19 MP: 0/0
   120 | D:1      | Reached XP level 2. HP: 25/27 MP: 1/1
   428 | D:1      | Found a faded altar of an unknown god.
   560 | D:1      | Reached skill level 1 in Armour
   761 | D:2      | Reached skill level 4 in Fighting
   761 | D:2      | Reached XP level 3. HP: 24/33 MP: 2/2
   838 | D:2      | Found Jomoi's Antique Weapon Shop.
   853 | D:2      | Reached skill level 1 in Stealth
   925 | D:2      | Reached skill level 1 in Invocations
  1294 | D:3      | Identified the +5 scale mail "Rawegh" {Int+4 Slay+2}
  1508 | D:3      | Reached XP level 4. HP: 12/40 MP: 3/3
  1685 | D:3      | Found Lolur's Jewellery Boutique.
  1948 | D:3      | Found a sacrificial altar of Ru.
  2110 | D:3      | Found a glowing golden altar of the Shining One.
  2120 | D:3      | Found a basalt altar of Yredelemnul.
  2231 | D:3      | Noticed an angel
  2288 | D:4      | Noticed a centaur
  2291 | D:4      | Noticed a centaur
  2294 | D:4      | Reached XP level 5. HP: 44/47 MP: 5/5
  2299 | D:4      | Killed a centaur
  2304 | D:4      | Killed a centaur
  2305 | D:4      | Reached XP level 6. HP: 15/55 MP: 6/6
  2548 | D:4      | Reached skill level 5 in Fighting
  2664 | D:4      | Found a blossoming altar of Fedhas.
  2724 | D:4      | Found a bloodstained altar of Trog.
  2752 | D:4      | Found a hide-covered altar of Uskayaw.
  2789 | D:4      | Found Zirucig's Assorted Antiques.
  2797 | D:4      | Bought a scroll labelled NYGEFI XIELU for 21 gold pieces
  2797 | D:4      | Bought a scroll labelled NYGEFI XIELU for 21 gold pieces
  2797 | D:4      | Bought 2 fizzy pink potions for 37 gold pieces
  2797 | D:4      | Bought a scroll labelled EXKOCV DIRUCA for 21 gold pieces
  2797 | D:4      | Bought a scroll labelled GECIYT OFUY for 21 gold pieces
  2872 | D:5      | Entered Level 5 of the Dungeon
  2883 | D:5      | Found a sand-covered staircase.
  2938 | D:5      | Reached XP level 7. HP: 60/61 MP: 7/7
  2945 | Ossuary  | Entered an ossuary
  3831 | D:5      | Reached skill level 5 in Dodging
  3865 | D:5      | Reached skill level 5 in Short Blades
  4083 | D:5      | Reached XP level 8. HP: 53/70 MP: 9/9
  4403 | D:6      | Reached skill level 6 in Fighting
  4580 | D:6      | Reached skill level 5 in Armour
  4841 | D:6      | Found an ancient bone altar of Kikubaaqudgha.
  4845 | D:6      | You fall into a shaft and drop 2 floors!
  5209 | D:8      | Reached skill level 7 in Fighting
  5398 | D:8      | Reached XP level 9. HP: 77/79 MP: 11/11
  5599 | D:8      | Reached skill level 8 in Fighting
  5607 | D:8      | Reached skill level 5 in Invocations
  5708 | D:7      | HP: 4/80 [wight/+1 long sword (6)]
  5709 | D:7      | Slain by a wight

Illustrated notes

Levels and vault maps discovered:
D:1:      dpeg_arrival_rhombi, layout_basic, dilly_ecumenical_altar_fadedgnrine,
          kennysheep_minor_cross, reono_crystal_passage
D:2:      layout_basic, serial_shops, shop
D:3:      minmay_evil_eye, layout_basic, grunt_temple_overflow_holy_war,
          lemuel_round_altar, serial_shops, shop
D:4:      layout_rooms, kennysheep_mini, mainiacjoe_overflow_chevrons,
          old_standard_altar, serial_shops, shop, minmay_manual_mares
D:5:      layout_loops_ring, nicolae_ossuary_entry_ruins
D:6:      layout_basic, lemuel_round_altar, st_stairs_9
D:7:      layout_rooms, amcnicky_altar_gilded, temple_green
D:8:      layout_basic, nzn_wu_jian_council_hall

Skill      XL: |  1  2  3  4  5  6  7  8  9 |
---------------+----------------------------+-----
Armour         | 1 2 3 4 5 6 |  6.4
Fighting       | 4 5 7 8 |  8.5
Stealth        | 1 2 3 4 |  4.6
Invocations    | 1 2 3 4 5 |  5.1
Dodging        | 4 5 6 |  6.9
Short Blades   | 4 5 6 |  6.8

Action                     |  1- 3 |  4- 6 |  7- 9 || total
---------------------------+-------+-------+-------++-------
  Melee: Short sword       |    31 |       |       ||    31
         Headbutt          |    15 |    19 |    96 ||   130
         Dagger            |    37 |    80 |   148 ||   265
         Rapier            |       |       |   174 ||   174
  Evoke: Wand              |       |       |     1 ||     1
    Use: Scroll            |       |     6 |     5 ||    11
         Potion            |       |       |     1 ||     1
   Stab: Distracted        |     1 |       |       ||     1
         Sleeping          |       |       |     1 ||     1
 Armour: Robe              |     7 |    12 |    64 ||    83
  Dodge: Dodged            |    31 |    68 |   142 ||   241

Table legend: (Time is in decaauts)
 A = Elapsed time spent in this place.
 B = Non-inter-level travel time spent in this place.
 C = Inter-level travel time spent in this place.
 D = Time resting spent in this place.
 E = Time spent auto-exploring this place.
 F = Levels seen in this place.
 G = Mean time per level.
                   A        B        C        D        E       F      G
               +--------+--------+--------+--------+--------+-----+--------+
         Total |   5625 |   5458 |    167 |    560 |   3916 |   9 |  625.0 |
       Dungeon |   4788 |   4621 |    167 |    449 |   3373 |   8 |  598.5 |
       Ossuary |    837 |    837 |      0 |    111 |    543 |   1 |  837.0 |
               +--------+--------+--------+--------+--------+-----+--------+

Top non-repeatable levels by time:
     D:3: 1083 daAuts
 Ossuary: 837 daAuts
     D:8: 824 daAuts
     D:1: 685 daAuts
     D:5: 645 daAuts
     D:4: 581 daAuts
     D:2: 496 daAuts
     D:6: 445 daAuts
     D:7: 25 daAuts
